 Dungeon Crawl Stone Soup version 0.26-a0-682-g294304f6e8 (webtiles) character file.

Game seed: 16154418665672082813

(classic levelgen) 9 EnegeticOcto the Ruffian (level 2, 0/25 HPs)
             Began as a Ghoul Warper on Oct 21, 2020.
             Slain by an adder (2 damage)
             ... on level 4 of the Dungeon.
             The game lasted 00:01:36 (219 turns).

EnegeticOcto the Ruffian (Ghoul Warper)              Turns: 219, Time: 00:01:37

Health: 0/25       AC:  3    Str: 14    XL:     2   Next: 16%
Magic:  3/3        EV: 11    Int:  8    God:
Gold:   27         SH:  0    Dex:  8    Spells: 4/4 levels left

rFire    + . .     SeeInvis .     - Unarmed
rCold    + + .     Faith    .   (no shield)
rNeg     + + +     Spirit   .   a - +0 leather armour
rPois    ∞         Reflect  .   (no helmet)
rElec    +         Harm     .   (no cloak)
rCorr    +         Rampage  .   (no gloves)
MR       .....                  (no boots)
Stlth    +.........             (no amulet)
HPRegen  0.00/turn              (no ring)
MPRegen  0.08/turn              (no ring)

@: resistant
A: rotting body, claws 1, cold resistance 1, negative energy resistance 3,
inhibited regeneration, torment resistance, unbreathing
a: no special abilities


You were on level 4 of the Dungeon.
You visited 1 branch of the dungeon, and saw 4 of its levels.

You collected 27 gold pieces.

Inventory:

Missiles
 d - 5 boomerangs of dispersal (quivered)
Armour
 a - a +0 leather armour (worn)
Scrolls
 b - 2 scrolls of identify {unknown}
 c - a scroll of blinking {@r4}
 e - 2 scrolls of magic mapping {@r5 !r}
 f - a scroll of enchant weapon {unknown}
 g - a scroll of enchant armour {unknown}
 k - a scroll of fear {unknown}
Potions
 i - a potion of curing {unknown}
 j - a potion of resistance


   Skills:
 + Level 2.5 Fighting
 - Level 0.8 Throwing
 - Level 0.8 Armour
 - Level 1.7 Dodging
 * Level 2.8 Unarmed Combat
 - Level 1.7 Spellcasting
   Level 2.6 Translocations


You had 4 spell levels left.
You didn't know any spells.
Your spell library contained the following spells:

 Spells                   Type           Power        Failure   Level
 Blink                    Tloc           N/A          22%         2
 Gell's Gravitas          Tloc           #.........   41%         3
 Lesser Beckoning         Tloc           #.........   41%         3
 Teleport Other           Tloc           #.......     41%         3
 Passage of Golubria      Tloc           N/A          83%         4


Dungeon Overview and Level Annotations

Branches:
Dungeon (4/15)
 Temple: D:4-7

Altars:


Innate Abilities, Weirdness & Mutations

Your body is rotting away.
You thrive by killing the living.
You are immune to poison.
You have sharp fingernails.
Your flesh is cold resistant. (rC+)
You are immune to negative energy. (rN+++)
You do not regenerate when monsters are visible.
You are immune to unholy pain and torment.
You can survive without breathing.


Message History

You feel better.
You have reached level 2!
You see here 23 stones.
A bat comes into view.
The bat barely misses you.
Found a scroll labeled DIROUDWI EMYA.
You see here 2 purple potions.
You scratch the bat.
You kill the bat!
j - 2 purple potions
Found a scroll labeled CECRYCWIUJA.
Found a scroll labeled GONIHUN NYEVA and 17 sling bullets.
Found 13 arrows.
b - 2 scrolls labeled DIROUDWI EMYA (gained 1)
e - 3 scrolls labeled GONIHUN NYEVA (gained 1)
A giant cockroach comes into view.
You see here a scroll labeled CECRYCWIUJA.
You closely miss the giant cockroach. The giant cockroach barely misses you.
You scratch the giant cockroach.
The giant cockroach is moderately wounded.
The giant cockroach bites you.
* * * LOW HITPOINT WARNING * * *
You barely miss the giant cockroach.
The giant cockroach is moderately wounded.
The giant cockroach bites you.
* * * LOW HITPOINT WARNING * * *
You barely miss the giant cockroach.
The giant cockroach is moderately wounded.
The giant cockroach bites you but does no damage.
You barely miss the giant cockroach.
The giant cockroach is moderately wounded.
The giant cockroach misses you.
You scratch the giant cockroach but do no damage.
The giant cockroach is moderately wounded.
The giant cockroach bites you.
* * * LOW HITPOINT WARNING * * *
You barely miss the giant cockroach.
The giant cockroach is moderately wounded.
The giant cockroach bites you but does no damage.
You scratch the giant cockroach but do no damage.
The giant cockroach is moderately wounded.
The giant cockroach barely misses you.
You scratch the giant cockroach but do no damage.
The giant cockroach is moderately wounded.
The giant cockroach closely misses you.
The giant cockroach bites you but does no damage.
You completely miss the giant cockroach.
The giant cockroach is moderately wounded.
The giant cockroach bites you.
* * * LOW HITPOINT WARNING * * *
You scratch the giant cockroach.
The giant cockroach is severely wounded.
The giant cockroach misses you.
You scratch the giant cockroach.
You kill the giant cockroach!
You feel better.
k - a scroll labeled CECRYCWIUJA You open the door.
Found 12 gold pieces.
There is an open door here.
A rat and a goblin come into view.
The goblin shouts!
You see here 12 gold pieces.
You see here 12 gold pieces.
You now have 27 gold pieces (gained 12).
There is an open door here.
There is a stone staircase leading down here.
You climb downwards.
There is a stone staircase leading up here.
As you read the scroll labeled GONIHUN NYEVA, it crumbles to dust.
You feel aware of your surroundings.
It was a scroll of magic mapping.
Found a stone staircase leading down.
Found an escape hatch in the floor.
There is a stone staircase leading down here.
You can't go up here!
You climb downwards.
An adder and an ogre come into view.
The adder hisses angrily.
Found 16 arrows, a mace and a scroll labeled WIONAZX POMUYN.
There is a stone staircase leading up here.
You climb upwards.
There is a stone staircase leading down here.
There is an escape hatch in the floor here.
Really go through this one-way escape hatch?
You slide downwards.
The hatch slams shut behind you.
An adder comes into view.
Found a scroll of blinking and 3 atropa-tipped darts.
Found an escape hatch in the ceiling.
You barely miss the adder. The adder bites you.
* * * LOW HITPOINT WARNING * * *
The adder bites you but does no damage.
You miss the adder. The adder misses you.
You barely miss the adder. The adder bites you.
* * * LOW HITPOINT WARNING * * *
It was a potion of resistance.
You feel protected. The adder misses you.
It was a potion of lignification.
You feel woody for a moment. The adder closely misses you. The adder bites you.
You die...

###########
#.........#
#...@S....#
#.........#
#...........#
#.#..........<
# #..?......##
#..........(
#.........#.
#.........#


You could see an adder.

Vanquished Creatures
  A giant cockroach (D:2)
  A hobgoblin (D:2)
  3 bats (D:2)
  A goblin (D:2)
  5 rats (D:2)
11 creatures vanquished.

Notes
Turn   | Place    | Note
-------+----------+-------------------------------------------
     0 | D:1      | EnegeticOcto the Ghoul Warper began the quest for the Orb.
     0 | D:1      | Reached XP level 1. HP: 17/17 MP: 2/2
   116 | D:2      | Reached XP level 2. HP: 7/25 MP: 3/3
   204 | D:4      | Noticed an ogre
   219 | D:4      | Slain by an adder

Illustrated notes

Levels and vault maps discovered:
D:1:      dpeg_arrival_fog, layout_loops_cross, minmay_misc_feat_alley,
          st_stairs_5, minmay_misc_feat_x
D:2:      minmay_chambers_of_twos, layout_rooms
D:3:      layout_basic, uniq_sigmund
D:4:      layout_rooms

Action                   || total
-------------------------++-------
Melee: Unarmed           ||    52
  Use: Potion            ||     2
       Scroll            ||     1
Armor: Leather armour    ||    10
Dodge: Dodged            ||    39

Table legend: (Time is in decaauts)
 A = Elapsed time spent in this place.
 B = Non-inter-level travel time spent in this place.
 C = Inter-level travel time spent in this place.
 D = Time resting spent in this place.
 E = Time spent auto-exploring this place.
 F = Levels seen in this place.
 G = Mean time per level.
                   A        B        C        D        E       F      G
               +--------+--------+--------+--------+--------+-----+--------+
         Total |    217 |    214 |      3 |      0 |      0 |   4 |   54.2 |
       Dungeon |    217 |    214 |      3 |      0 |      0 |   4 |   54.2 |
               +--------+--------+--------+--------+--------+-----+--------+

Top non-repeatable levels by time:
     D:2: 172 daAuts
     D:3: 29 daAuts
     D:1: 8 daAuts
     D:4: 7 daAuts
